 Dungeon Crawl Stone Soup version 0.21.0-3-g78d12a8 (webtiles) character file.

7384 Mgcat the Fighter (level 11, -4/95 HPs)
             Began as a Gnoll Wanderer on Jan 13, 2018.
             Was a Believer of Okawaru.
             Slain by an orc warrior
             ... wielding a +0 glaive
              (8 damage)
             ... in a bailey on Jan 14, 2018.
             The game lasted 01:05:00 (17736 turns).

Mgcat the Fighter (Gnoll Wanderer)                 Turns: 17736, Time: 01:05:02

Health: -4/95      AC: 23    Str: 12 (13) XL:     11   Next: 14%
Magic:  19/19      EV:  8    Int: 19 (20) God:    Okawaru [**....]
Gold:   708        SH:  0    Dex: 20 (21) Spells: 21/21 levels left

rFire    x . .     SeeInvis .   K - +5 scimitar
rCold    + . .     Gourm    +   p - +0 buckler
rNeg     . . .     Faith    .   y - +0 plate armour
rPois    .         Spirit   .   o - +2 hat
rElec    .         Reflect  .   U - +2 cloak {MR+}
rCorr    .         Harm     .   (no gloves)
MR       +....                  v - +1 pair of boots {Fly}
Stlth    ..........             G - amulet of the gourmand
HPRegen  0.25/turn              z - ring "Uxkise" {Ice Dex+4}
MPRegen  0.16/turn              n - +3 ring of intelligence

@: confused, heroism, flying
A: distributed training, fangs 1, strong nose
a: Heroism, Renounce Religion, Stop Flying


You were in a bailey.
You worshipped Okawaru.
Okawaru was pleased with you.
You were completely stuffed.

You visited 2 branches of the dungeon, and saw 11 of its levels.
You also visited: Bailey.

You collected 708 gold pieces.

Inventory:

Hand Weapons
 a - a +2 hand crossbow
 K - a +5 scimitar (weapon)
 N - a +2 spear of piercing
Missiles
 b - 114 bolts
Armour
 o - a +2 hat (worn)
 p - a +0 buckler (worn)
 v - a +1 pair of boots of flying (worn)
 y - a +0 plate armour (worn)
 U - a +2 cloak of magic resistance (worn)
Jewellery
 c - an uncursed amulet of magic regeneration
 j - an uncursed ring of flight
 n - a +3 ring of intelligence (right hand)
 z - the ring "Uxkise" (left hand) {Ice Dex+4}
   (You found it on level 4 of the Dungeon)

   [ring of ice]

   It enhances your ice magic.
   It affects your dexterity (+4).
   It makes you vulnerable to fire.
   It protects you from cold.
 G - an amulet of the gourmand (around neck)
Wands
 d - a wand of random effects (61)
 m - a wand of enslavement (11)
 x - a wand of disintegration (15)
 O - a wand of flame (28)
 P - a wand of digging (9)
 S - a wand of clouds (6)
 V - a wand of iceblast (8)
Scrolls
 q - 5 scrolls of identify
 s - 4 scrolls of teleportation
 B - a scroll of enchant armour {unknown}
 C - 4 scrolls of random uselessness
 D - a scroll of enchant weapon {unknown}
 E - a scroll of magic mapping
 F - a scroll of remove curse
 H - a scroll of torment
 J - a scroll of summoning {unknown}
 L - a scroll of fog
 R - a scroll of noise {unknown}
 W - a scroll of brand weapon {unknown}
 Y - a scroll of amnesia {unknown}
Potions
 e - a potion of cancellation {unknown}
 g - 2 potions of degeneration
 h - 3 potions of magic
 i - a potion of mutation {unknown}
 k - a potion of heal wounds {unknown}
 l - a potion of agility {unknown}
 r - 2 potions of brilliance {unknown}
 t - 2 potions of lignification {unknown}
 u - 2 potions of berserk rage {unknown}
 w - 2 potions of ambrosia
 A - a potion of haste {unknown}
 I - 2 potions of resistance {unknown}
 M - a potion of invisibility {unknown}
 T - 2 potions of flight {unknown}
Books
 Q - a book of Power

   Spells                             Type                      Level
   a - Iskenderun's Battlesphere      Conjuration/Charms           5
   b - Venom Bolt                     Conjuration/Poison           5
   c - Bolt of Magma                  Conjuration/Fire/Earth       5
   d - Iron Shot                      Conjuration/Earth            6
   e - Orb of Destruction             Conjuration                  7
   f - Spellforged Servitor           Conjuration/Summoning        7
Comestibles
 f - 9 rations
 X - 16 chunks of flesh


   Skills:
 + Level 11.7(16.7) Fighting
 + Level 5.9(10.9) Short Blades
 + Level 5.9(10.9) Long Blades
 + Level 5.9(10.9) Axes
 + Level 5.9(10.9) Maces & Flails
 + Level 5.9(10.9) Polearms
 + Level 5.9(10.9) Staves
 + Level 5.9(10.9) Slings
 + Level 5.9(10.9) Bows
 + Level 7.5(12.5) Crossbows
 + Level 5.9(10.9) Throwing
 + Level 6.5(11.5) Armour
 + Level 5.9(10.9) Dodging
 + Level 6.4(11.4) Stealth
 + Level 5.9(10.9) Shields
 + Level 5.9(10.9) Unarmed Combat
 + Level 5.9 Spellcasting
 + Level 4.9 Conjurations
 + Level 4.9 Hexes
 + Level 4.9 Charms
 + Level 4.9 Summonings
 + Level 4.9 Necromancy
 + Level 4.9 Translocations
 + Level 4.9 Transmutations
 + Level 4.9 Fire Magic
 + Level 4.9 Ice Magic
 + Level 4.9 Air Magic
 + Level 4.9 Earth Magic
 + Level 4.9 Poison Magic
 + Level 6.5 Invocations
 + Level 6.5 Evocations


You had 21 spell levels left.
You didn't know any spells.

Dungeon Overview and Level Annotations

Branches:
Dungeon (10/15)            Temple (1/1) D:7            Lair (0/6) D:9
    Orc (0/2) D:10

Altars:
Ashenzari
Cheibriados
Dithmenos
Elyvilon
Fedhas
Gozag
Hepliaklqana
Kikubaaqudgha
Makhleb
Nemelex Xobeh
Okawaru
Qazlal
Ru
Sif Muna
Trog
Uskayaw
Vehumet
Wu Jian
Xom
Yredelemnul
Zin
The Shining One

Shops:
D:8 }   D:9 (

Annotations:
D:4 Sigmund


Innate Abilities, Weirdness & Mutations

Your experience applies equally to all skills.
You have very sharp teeth.
Your uncanny sense of smell can sniff out nearby items.


Message History

You kill the orc!
The orc warrior hits you from afar with a glaive.
The orc warrior hits you but does no damage.
You closely miss the orc. The orc warrior completely misses you.
You block the orc warrior's attack.
You completely miss the orc warrior.
It was a potion of ambrosia.
You are confused.
You feel invigorated.
The orc warrior hits you but does no damage.
The orc warrior hits you with an enchanted halberd.
The orc warrior hits you from afar with a glaive.
* * * LOW HITPOINT WARNING * * *
You bump into the stone wall.
The orc warrior hits you from afar with a glaive!
* * * LOW HITPOINT WARNING * * *
The orc warrior hits you with an enchanted halberd!
* * * LOW HITPOINT WARNING * * *
The orc warrior hits you from afar with a glaive!
You die...

#..)))).#
#..)....#
#.......#
##.....##
###'###
#...#
#...#
#...#
#..@#
##o##


oooo #...oo. #....... #.......# #.......# #....o..# You could see 3 orc warriors
and 2 orcs.

Vanquished Creatures
  The ghost of Setanta the Thaumaturge, a novice GnWn of Okawaru (D:9)
  A guardian serpent (D:9)
  The ghost of Akransas the Skirmisher, a novice DsAK of Lugonu (D:5)
  A komodo dragon (D:9)
  Prince Ribbit (D:6)
  A wraith (D:9)
  A hungry ghost (D:5)
  Edmund (D:5)
  2 sky beasts
  5 orc warriors
  4 phantoms
  4 ogres
  7 centaurs
  A big kobold (D:8)
  3 bullfrogs
  2 gnoll sergeants
  2 wyvern zombies
  5 scorpions
  8 wights
  10 killer bees
  3 howler monkeys (D:7)
  A bullfrog zombie (D:6)
  7 crimson imps
  A quasit (D:8)
  11 hounds
  5 jellies
  Crazy Yiuf (D:6)
  6 orc priests
  A bullfrog skeleton (D:5)
  3 orc wizards
  3 gnoll shamans (D:8)
  7 worker ants
  2 killer bee zombies
  A hound zombie (D:6)
  A howler monkey zombie (D:9)
  10 gnolls
  10 adders
  3 shadow imps
  6 oozes
  2 adder zombies
  An adder skeleton (D:6)
  A worm (D:2)
  2 dart slugs
  3 leopard geckos
  38 orcs
  4 giant cockroaches
  7 goblins
  9 hobgoblins
  8 jackals
  2 quokkas
  13 bats
  4 frilled lizards
  2 jackal zombies
  12 kobolds
  3 quokka skeletons
  A quokka zombie (D:7)
  3 rats
258 creatures vanquished.

Vanquished Creatures (others)
  A plant (D:9)
1 creature vanquished.

Grand Total: 259 creatures vanquished

Notes
Turn   | Place    | Note
-------+----------+-------------------------------------------
     0 | D:1      | Reached skill level 10 in Fighting
     0 | D:1      | Mgcat the Gnoll Wanderer began the quest for the Orb.
     0 | D:1      | Mgcat set off with: a +2 hand crossbow, 20 bolts, a potion of curing, a wand of random effects (15), a +0 robe, a ration
     0 | D:1      | Reached XP level 1. HP: 28/28 MP: 2/2
   124 | D:1      | Reached XP level 2. HP: 36/36 MP: 3/3
   785 | D:1      | Reached XP level 3. HP: 33/42 MP: 4/4
  1413 | D:2      | Reached skill level 1 in Invocations
  1788 | D:2      | Found a shadowy altar of Dithmenos.
  2160 | D:3      | Reached skill level 1 in Short Blades
  2160 | D:3      | Reached skill level 1 in Long Blades
  2160 | D:3      | Reached skill level 1 in Axes
  2160 | D:3      | Reached skill level 1 in Maces & Flails
  2160 | D:3      | Reached skill level 1 in Polearms
  2160 | D:3      | Reached skill level 1 in Staves
  2160 | D:3      | Reached skill level 1 in Slings
  2160 | D:3      | Reached skill level 1 in Bows
  2160 | D:3      | Reached skill level 1 in Throwing
  2160 | D:3      | Reached skill level 1 in Dodging
  2160 | D:3      | Reached skill level 1 in Shields
  2160 | D:3      | Reached skill level 1 in Unarmed Combat
  2160 | D:3      | Reached skill level 1 in Spellcasting
  2160 | D:3      | Reached XP level 4. HP: 43/48 MP: 4/6
  2243 | D:3      | Noticed Sigmund
  3091 | D:3      | Reached skill level 1 in Conjurations
  3091 | D:3      | Reached skill level 1 in Hexes
  3091 | D:3      | Reached skill level 1 in Charms
  3091 | D:3      | Reached skill level 1 in Summonings
  3091 | D:3      | Reached skill level 1 in Necromancy
  3091 | D:3      | Reached skill level 1 in Translocations
  3091 | D:3      | Reached skill level 1 in Transmutations
  3091 | D:3      | Reached skill level 1 in Fire Magic
  3091 | D:3      | Reached skill level 1 in Ice Magic
  3091 | D:3      | Reached skill level 1 in Air Magic
  3091 | D:3      | Reached skill level 1 in Earth Magic
  3091 | D:3      | Reached skill level 1 in Poison Magic
  3168 | D:4      | Noticed an ogre
  3192 | D:4      | Killed an ogre
  3192 | D:4      | Reached XP level 5. HP: 29/54 MP: 7/7
  3353 | D:4      | Reached XP level 6. HP: 22/61 MP: 8/8
  3829 | D:4      | Found a shimmering altar of Xom.
  3838 | D:4      | Reached skill level 5 in Crossbows
  3855 | D:4      | Got a fine golden ring
  3857 | D:4      | Identified the ring "Uxkise" {Ice Dex+4} (You found it on level 4 of the Dungeon)
  4148 | D:4      | Found a stormy altar of Qazlal.
  4168 | D:4      | Reached XP level 7. HP: 33/67 MP: 10/10
  4875 | D:4      | Found a snail-covered altar of Cheibriados.
  4875 | D:4      | Found a deep blue altar of Sif Muna.
  4916 | D:4      | Found a bloodstained altar of Trog.
  5090 | D:5      | Entered Level 5 of the Dungeon
  5193 | D:5      | Noticed Akransas's ghost (novice DsAK)
  6004 | D:5      | Reached XP level 8. HP: 63/74 MP: 12/12
  6178 | D:5      | Noticed Edmund
  6488 | D:5      | HP: 1/74 [Akransas's ghost (14)]
  6955 | D:5      | Found a sacrificial altar of Ru.
  7178 | D:5      | Killed Edmund
  7926 | D:6      | Found a sparkling altar of Nemelex Xobeh.
  8287 | D:6      | Noticed Prince Ribbit
  8289 | D:6      | Found a white marble altar of Elyvilon.
  8354 | D:6      | Killed Prince Ribbit
  8928 | D:6      | Found an ancient bone altar of Kikubaaqudgha.
  9052 | D:6      | Reached XP level 9. HP: 73/79 MP: 14/14
  9059 | D:6      | Reached skill level 11 in Fighting
  9514 | D:6      | Found a runed door.
  9748 | D:7      | Reached skill level 5 in Armour
  9748 | D:7      | Reached skill level 5 in Evocations
  9974 | D:7      | Found an iron altar of Okawaru.
 10080 | D:7      | Reached skill level 5 in Stealth
 10443 | D:7      | Reached skill level 5 in Invocations
 11016 | D:7      | Reached XP level 10. HP: 38/88 MP: 15/17
 11319 | D:7      | Found a staircase to the Ecumenical Temple.
 11333 | Temple   | Entered the Ecumenical Temple
 11800 | D:7      | Became a worshipper of Warmaster Okawaru
 12219 | D:7      | Found an ornate altar of the Wu Jian Council.
 12497 | D:8      | Reached skill level 5 in Short Blades
 12497 | D:8      | Reached skill level 5 in Long Blades
 12497 | D:8      | Reached skill level 5 in Axes
 12497 | D:8      | Reached skill level 5 in Maces & Flails
 12497 | D:8      | Reached skill level 5 in Polearms
 12497 | D:8      | Reached skill level 5 in Staves
 12497 | D:8      | Reached skill level 5 in Slings
 12497 | D:8      | Reached skill level 5 in Bows
 12497 | D:8      | Reached skill level 5 in Throwing
 12497 | D:8      | Reached skill level 5 in Dodging
 12497 | D:8      | Reached skill level 5 in Shields
 12497 | D:8      | Reached skill level 5 in Unarmed Combat
 12497 | D:8      | Reached skill level 5 in Spellcasting
 13268 | D:8      | Found Conudo's Gadget Boutique.
 13472 | D:8      | Reached * piety under Okawaru
 14941 | D:5      | Killed Akransas's ghost
 15175 | D:6      | Noticed Crazy Yiuf
 15181 | D:6      | Killed Crazy Yiuf
 15391 | D:9      | Noticed Setanta's ghost (novice GnWn)
 15757 | D:9      | Killed Setanta's ghost
 15757 | D:9      | Reached ** piety under Okawaru
 16000 | D:9      | Found a burning altar of Makhleb.
 16018 | D:9      | Found Vimirea's Antique Weapon Shop.
 16031 | D:9      | Noticed a guardian serpent
 16046 | D:9      | Killed a guardian serpent
 16444 | D:9      | Found a staircase to the Lair.
 16790 | D:9      | Identified a scroll of acquirement
 16808 | D:9      | Reached XP level 11. HP: 94/95 MP: 19/19
 17229 | D:10     | Entered Level 10 of the Dungeon
 17252 | D:10     | Noticed a two-headed ogre
 17473 | D:10     | Found a flagged portal.
 17521 | Bailey   | Entered a bailey
 17736 | Bailey   | HP: 4/95 [orc warrior/enchanted halberd (14)]
 17736 | Bailey   | Slain by an orc warrior

Skill      XL: |  1  2  3  4  5  6  7  8  9 10 |
---------------+-------------------------------+-----
Fighting       | 11 | 11.7
Invocations    | 1 2 3 4 5 6 |  6.5
Short Blades   | 1 2 3 4 5 |  5.9
Long Blades    | 1 2 3 4 5 |  5.9
Axes           | 1 2 3 4 5 |  5.9
Maces & Flails | 1 2 3 4 5 |  5.9
Polearms       | 1 2 3 4 5 |  5.9
Staves         | 1 2 3 4 5 |  5.9
Slings         | 1 2 3 4 5 |  5.9
Bows           | 1 2 3 4 5 |  5.9
Throwing       | 1 2 3 4 5 |  5.9
Dodging        | 1 2 3 4 5 |  5.9
Shields        | 1 2 3 4 5 |  5.9
Unarmed Combat | 1 2 3 4 5 |  5.9
Spellcasting   | 1 2 3 4 5 |  5.9
Conjurations   | 1 2 3 4 |  4.9
Hexes          | 1 2 3 4 |  4.9
Charms         | 1 2 3 4 |  4.9
Summonings     | 1 2 3 4 |  4.9
Necromancy     | 1 2 3 4 |  4.9
Translocations | 1 2 3 4 |  4.9
Transmutations | 1 2 3 4 |  4.9
Fire Magic     | 1 2 3 4 |  4.9
Ice Magic      | 1 2 3 4 |  4.9
Air Magic      | 1 2 3 4 |  4.9
Earth Magic    | 1 2 3 4 |  4.9
Poison Magic   | 1 2 3 4 |  4.9
Armour         | 3 4 5 6 |  6.5
Evocations     | 3 4 5 6 |  6.5
Stealth        | 3 4 5 6 |  6.4
Crossbows      | 5 6 7 |  7.5

Action                   |  1- 3 |  4- 6 |  7- 9 | 10-12 || total
-------------------------+-------+-------+-------+-------++-------
Melee: Unarmed           |    16 |       |       |       ||    16
       Bite              |    14 |    18 |   124 |    51 ||   207
       Short sword       |   110 |   208 |   286 |       ||   604
       Club              |    12 |       |       |       ||    12
       Punch             |       |     2 |     1 |       ||     3
       Whip              |       |       |   402 |   163 ||   565
       Scimitar          |       |       |   101 |   349 ||   450
 Fire: Hand crossbow     |     8 |       |       |     2 ||    10
Invok: Heroism           |       |       |       |     8 ||     8
  Use: Scroll            |       |     5 |     1 |     8 ||    14
       Potion            |       |     2 |     1 |     5 ||     8
 Stab: Sleeping          |     4 |       |       |       ||     4
  Eat: Chunk             |     4 |     2 |    12 |    35 ||    53
       Ration            |       |     1 |     3 |     4 ||     8
Armor: Robe              |    24 |    25 |       |       ||    49
       Plate armour      |       |    16 |   458 |   288 ||   762
Dodge: Dodged            |    78 |    93 |   141 |   173 ||   485
Block: Buckler           |       |       |   124 |   152 ||   276
       Rpst.: Scimitar   |       |       |     9 |    26 ||    35
